Map: [ESL] Data-C

Players

ArT

  • Race: Protoss Protoss
  • Spawn Location: 9:00

Clem - Winner!

  • Race: Terran Terran
  • Spawn Location: 3:00

Event: DreamHack SC2 Masters 2022 Atlanta (Online)

VOD

Have the link to the VOD?

Description

Time

  • Played on: Sept. 29, 2022, 12:44 p.m.
  • Length: 10:11

All games in this series

Show
View Real Time Build Order
Export as new Build Order

ArT Protoss 

Build Orders: 1 Gate Expand, Blink Stalkers, Colossus Rush 

Get SALT Encoding   

  12  0:00  Probe  
  13  0:12  Probe  
  14  0:17  Pylon  
  14  0:24  Probe (Chrono Boost)  
  15  0:36  Probe (Chrono Boost)  
  15  0:37  Gateway  
  16  0:44  Probe (Chrono Boost)  
  16  0:46  Assimilator  
  17  0:51  Probe  
  18  1:03  Probe  
  19  1:15  Probe  
  20  1:24  Cybernetics Core  
  20  1:33  Nexus  
  20  1:37  Probe  
  21  1:43  Pylon  
  21  1:49  Probe  
  21  1:52  Assimilator  
  22  2:00  Adept (Chrono Boost)  
  22  2:02  Probe (Chrono Boost)  
  22  2:04  Warp Gate  
  25  2:11  Probe (Chrono Boost)  
  26  2:16  Probe (Chrono Boost)  
  26  2:21  Stalker (Chrono Boost)  
  27  2:28  Probe  
  30  2:33  Twilight Council  
  30  2:43  Probe (Chrono Boost)  
  31  2:46  Probe (Chrono Boost)  
  32  2:53  Stalker  
  32  2:55  Probe (Chrono Boost)  
  32  2:56  Probe (Chrono Boost)  
  36  3:03  Gateway  
  36  3:05  Probe  
  37  3:08  Blink (Chrono Boost)  
  37  3:10  Probe  
  38  3:17  Probe  
  39  3:22  Probe  
  40  3:29  Probe  
  40  3:31  Robotics Facility, Pylon  
  41  3:34  Probe  
  42  3:41  Probe  
  42  3:46  Probe  
  44  3:53  Stalker  
  44  3:54  Probe  
  43  3:58  Probe  
  43  4:00  Stalker  
  45  4:06  Probe  
  45  4:07  Pylon  
  46  4:10  Probe  
  46  4:12  Assimilator  
  47  4:18  Observer  
  47  4:19  Probe (Chrono Boost)  
  47  4:21  Nexus  
  49  4:24  Pylon  
  49  4:26  Probe (Chrono Boost)  
  49  4:31  Assimilator  
  51  4:36  Probe (Chrono Boost)  
  51  4:37  Probe (Chrono Boost)  
  52  4:42  Probe (Chrono Boost)  
  52  4:43  Probe (Chrono Boost)  
  54  4:48  Forge  
  54  4:49  Robotics Bay  
  54  4:56  Probe (Chrono Boost), Gateway  
  56  5:00  Probe (Chrono Boost)  
  56  5:01  Stalker  
  56  5:03  Stalker  
  56  5:05  Probe (Chrono Boost)  
  61  5:12  Probe, Pylon  
  61  5:13  Probe  
  63  5:15  Charge (Chrono Boost)  
  63  5:22  Protoss Ground Weapons Level 1 (Chrono Boost)  
  63  5:24  Probe  
  64  5:29  Probe  
  64  5:33  Colossus (Chrono Boost)  
  64  5:36  Probe  
  64  5:39  Gateway  
  64  5:40  Probe  
  64  5:41  Probe  
  73  5:46  Extended Thermal Lance  
  73  5:50  Probe, Pylon  
  73  5:52  Probe  
  73  5:54  Probe  
  76  5:58  Sentry  
  76  5:59  Zealot  
  76  6:00  Zealot  
  76  6:02  Probe  
  84  6:04  Probe  
  84  6:10  Shield Battery  
  82  6:11  Shield Battery  
  82  6:12  Colossus (Chrono Boost)  
  88  6:19  Pylon  
  88  6:24  Zealot x2  
  88  6:25  Zealot  
  94  6:27  Probe  
  94  6:28  Probe  
  94  6:29  Probe  
  94  6:40  Zealot, Pylon  
  94  6:42  Probe x2  
  94  6:44  Shield Battery  
  98  6:47  Pylon  
  98  6:48  Zealot x2  
  98  6:50  Gateway  
  98  6:52  Probe  
  98  6:53  Sentry  
  105  6:57  Gateway  
  105  7:04  Stalker  
  105  7:05  Probe  
  105  7:08  Pylon  
  105  7:17  Stalker x2  
  105  7:22  Pylon  
  97  7:28  Shield Battery, Probe  
  86  7:31  Zealot  
  88  7:40  Probe  
  83  7:45  Colossus (Chrono Boost), Stalker x2  
  83  7:48  Probe  
  83  7:51  Gateway, Assimilator, Probe  
  95  7:54  Assimilator  
  95  7:55  Shield Battery  
  95  7:57  Probe  
  96  7:59  Stalker x3  
  99  8:08  Probe  
  99  8:09  Robotics Facility, Probe x2  
  99  8:10  Pylon  
  102  8:15  Zealot, Sentry  
  106  8:20  Probe  
  106  8:23  Shield Battery  
  106  8:26  Zealot x3  
  113  8:34  Disruptor (Chrono Boost)  
  116  8:39  Zealot x2  
  120  8:43  Pylon  
  116  8:48  Zealot x3  
  116  8:52  Cybernetics Core  
  120  9:00  Zealot x2  
  120  9:01  Zealot  
  114  9:05  Disruptor (Chrono Boost)  
  114  9:09  Probe  
  112  9:13  Zealot x4  
  112  9:15  Probe  
  121  9:18  Assimilator  
  121  9:20  Photon Cannon  
  121  9:23  Zealot x3  
  127  9:29  Disruptor (Chrono Boost)  
  127  9:34  Pylon  
  128  9:40  Disruptor (Chrono Boost)  
  128  9:45  Zealot x4  
  129  9:47  Zealot  
  123  9:55  Zealot  
  104  10:05  Zealot x3  
Show
View Real Time Build Order
Export as new Build Order

Clem Terran - Winner!

Build Orders:  

Get SALT Encoding   

  12  0:00  SCV  
  13  0:12  SCV  
  14  0:17  Supply Depot  
  14  0:24  SCV  
  15  0:38  SCV  
  15  0:39  Barracks  
  16  0:43  Refinery  
  16  0:50  SCV  
  17  1:02  SCV  
  18  1:15  SCV  
  19  1:25  Marine  
  19  1:27  Orbital Command  
  20  1:44  Barracks Reactor  
  20  1:45  Command Center  
  20  1:52  SCV  
  21  1:57  Supply Depot  
  21  2:04  SCV  
  22  2:10  Factory  
  22  2:16  SCV  
  22  2:18  Refinery  
  22  2:21  Reaper  
  24  2:23  Marine  
  24  2:28  SCV  
  26  2:40  Marine  
  26  2:41  SCV  
  28  2:53  SCV  
  28  2:54  Hellion, Starport  
  31  2:59  Orbital Command  
  31  3:05  SCV  
  32  3:07  Marine  
  32  3:09  Marine  
  34  3:16  Factory Tech Lab  
  34  3:17  SCV  
  35  3:24  SCV, Marine  
  37  3:27  Marine  
  37  3:28  Supply Depot  
  37  3:30  SCV  
  39  3:36  SCV  
  40  3:41  Raven  
  40  3:42  Factory Tech Lab  
  40  3:45  Barracks  
  42  3:50  Marine x2  
  42  3:51  SCV  
  43  3:56  SCV  
  43  4:00  Barracks  
  44  4:03  Siege Tank  
  44  4:05  SCV  
  47  4:12  Supply Depot  
  47  4:13  Marine x2  
  47  4:15  SCV  
  50  4:17  SCV  
  50  4:23  Engineering Bay  
  50  4:24  Bunker  
  51  4:27  SCV  
  51  4:29  SCV  
  53  4:31  Marine  
  53  4:33  Marine  
  53  4:36  Siege Tank  
  58  4:39  SCV  
  58  4:41  SCV  
  58  4:42  Refinery  
  58  4:43  Supply Depot  
  58  4:45  Marine  
  61  4:48  Stimpack  
  61  4:51  SCV  
  62  4:56  Refinery  
  62  5:00  Terran Infantry Weapons Level 1  
  62  5:04  SCV x2, Marine x2  
  62  5:06  Supply Depot  
  66  5:07  Marine  
  66  5:14  Combat Shield  
  67  5:16  SCV  
  67  5:18  Supply Depot  
  67  5:19  SCV  
  69  5:22  Marine  
  69  5:23  Starport Reactor  
  69  5:27  Factory Reactor  
  69  5:28  SCV, Marauder, Marine  
  73  5:29  Supply Depot  
  73  5:31  Marauder  
  73  5:34  SCV  
  77  5:39  Supply Depot, Marine  
  78  5:46  Marine  
  81  5:50  Marauder  
  81  5:53  Marauder  
  83  5:59  Medivac x2, Marine  
  88  6:08  Marine  
  88  6:09  Command Center  
  88  6:11  Marine  
  90  6:12  Widow Mine x2  
  90  6:15  Supply Depot  
  90  6:17  Marauder  
  96  6:26  Barracks  
  96  6:27  SCV, Barracks  
  96  6:29  SCV  
  98  6:34  Medivac  
  98  6:37  Marauder  
  98  6:39  SCV  
  103  6:41  Medivac  
  103  6:43  Concussive Shells  
  104  6:49  Marauder  
  104  6:52  Supply Depot, SCV x2  
  108  6:57  Widow Mine  
  110  7:11  Marine  
  110  7:12  SCV, Marine  
  110  7:13  Medivac  
  110  7:14  Widow Mine, Marauder  
  115  7:15  Barracks Reactor  
  115  7:16  Barracks Tech Lab  
  115  7:17  Marauder  
  115  7:20  SCV  
  115  7:29  Marine  
  104  7:30  Widow Mine, Marine  
  104  7:35  Medivac, Widow Mine, Marauder  
  105  7:39  Marauder  
  105  7:41  Marauder  
  105  7:42  SCV  
  104  7:47  Orbital Command  
  104  7:49  SCV  
  104  7:51  Marine  
  106  7:52  Marine  
  106  7:54  SCV  
  106  7:56  Marauder  
  110  7:59  Supply Depot  
  110  8:00  Marauder  
  110  8:01  SCV, Terran Infantry Armor Level 1  
  110  8:04  Marine x2  
  115  8:06  SCV  
  115  8:07  Marauder  
  115  8:11  Widow Mine x2  
  122  8:13  Supply Depot  
  122  8:14  SCV x2  
  122  8:16  Marine  
  122  8:17  Marine  
  122  8:18  SCV  
  129  8:20  Marauder  
  129  8:24  Marine x2  
  129  8:25  Marauder  
  129  8:26  SCV x2  
  135  8:28  Viking  
  135  8:31  Viking  
  135  8:33  Marauder  
  141  8:35  SCV  
  141  8:38  Supply Depot  
  141  8:39  Widow Mine x2, Marine x2  
  148  8:43  Marauder, Marine  
  148  8:45  SCV, Marine  
  149  8:49  SCV  
  149  8:50  Refinery x2  
  148  8:56  Marauder, Marine  
  148  8:57  Armory  
  148  8:58  Engineering Bay  
  148  8:59  Marine x2  
  147  9:04  Viking x2, Marauder  
  147  9:05  Marine  
  149  9:10  Marine  
  149  9:14  Marauder  
  149  9:16  Command Center  
  152  9:20  Supply Depot  
  152  9:22  Ghost Academy  
  152  9:28  Ghost Academy, Missile Turret  
  152  9:31  Supply Depot  
  152  9:34  Supply Depot, Viking  
  152  9:35  Marauder  
  156  9:40  Marauder  
  156  9:44  Marine x2  
  156  9:45  Marauder  
  155  9:46  Marine  
  155  9:50  Marine  
Tags
 
Add a new tag
Caveats
  • Supply blocks, unpowered buildings, or Contaminate may cause inaccurate times.
  • Supply counts are checked every 10 seconds.